 Dungeon Crawl Stone Soup version 0.29-a0-495-g17b79114eb (webtiles) character file.

Game seed: 11926514215325145761

3858 spiderkeys the Fighter (level 10, -3/83 HPs)
             Began as a Barachi Abyssal Knight on May 28, 2022.
             Was a High Priest of Lugonu.
             Killed by divine providence
             ... invoked by an orc priest
              (14 damage)
             ... on level 8 of the Dungeon.
             The game lasted 00:19:09 (10483 turns).

spiderkeys the Fighter (Barachi Abyssal Knight)    Turns: 10483, Time: 00:19:10

Health: -3/83      AC: 12    Str: 15    XL:     10   Next: 18%
Magic:  14/15      EV: 15    Int: 14    God:    Lugonu [*****.]
Gold:   206        SH:  0    Dex: 13    Spells: 5/9 levels left

rFire   . . .      SeeInvis +   m - +5 halberd
rCold   + + +      Faith    .   (shield currently unavailable)
rNeg    . . .      Spirit   .   X - +4 skin of Zhor {*Englaciate rC+++ SInv}
rPois   .          Reflect  .   k - +1 helmet
rElec   .          Harm     .   (no cloak)
rCorr   .          Rampage  .   (no gloves)
Will    .....                   (no boots)
Stlth   +.........              (no amulet)
HPRegen 0.23/turn               E - +4 ring of evasion
MPRegen 0.14/turn               O - +4 ring of protection

@: unable to hop, slow
A: amphibious, slowness 1, strong legs 1, +LOS
a: Hop, Renounce Religion, Depart the Abyss, Bend Space, Banish, Corrupt, Enter
the Abyss


You were on level 8 of the Dungeon.
You worshipped Lugonu.
Lugonu was extremely pleased with you.
You visited 1 branch of the dungeon, and saw 8 of its levels.
You visited the Abyss 1 time.
You also visited: Sewer.

You collected 381 gold pieces.
You spent 175 gold pieces at shops.


Innate Abilities, Weirdness & Mutations

You are amphibious.
You cover ground slowly.
You can hop short distances.
You have an extended range of vision and can be seen from far away.


   Skills:
 + Level 9.6 Fighting
 + Level 7.5 Polearms
 - Level 5.0 Armour
 - Level 1.1 Dodging
 + Level 6.5 Summonings
 + Level 6.9 Invocations


You had 5 spell levels left.
You knew the following spells:

 Your Spells              Type           Power      Damage    Failure   Level
c - Call Canine Familiar  Summ           18%        N/A       6%          3
s - Summon Small Mammal   Summ           72%        N/A       1%          1

Your spell library contained the following spells:

 Spells                   Type           Power      Damage    Failure   Level
 Summon Guardian Golem    Hex/Summ       9%         N/A       22%         3
 Apportation              Tloc           0%         N/A       28%         1
 Necrotize                Necr           0%         1d4       28%         1
 Sandblast                Erth           0%         2d4       28%         1
 Passwall                 Tmut/Erth      0%         N/A       41%         2
 Stone Arrow              Conj/Erth      0%         3d7       65%         3
 Orb of Destruction       Conj           0%         9d5       100%        7
 Spellforged Servitor     Conj/Summ      4%         N/A       100%        7

Inventory:

Hand Weapons
 a - a +1 spear
 i - the +7 hand axe "Worm's Wrath" {vorpal, rN++ Int+3}
   (You found it on level 7 of the Dungeon)

   It inflicts extra damage upon your enemies.
   Int:       It affects your intelligence (+3).
   rN:        It greatly protects you from negative energy.
 l - a +0 trident of protection
   (You took it off Robin on level 2 of the Dungeon)
 m - a +5 halberd (weapon)
   (You took it off a wight on level 6 of the Dungeon)
Missiles
 g - 3 boomerangs of dispersal {=f!f}
 j - a throwing net {=f!f}
 r - 2 boomerangs
 t - 8 poisoned darts
 J - 296 stones
Armour
 b - a +0 scale mail
   (You found it on level 6 of the Dungeon)
 c - +0 acid dragon scales
   (You took it off Maggie on level 6 of the Dungeon)
 k - a +1 helmet (worn)
   (You took it off Robin on level 2 of the Dungeon)
 n - a +0 scale mail
   (You took it off a gnoll sergeant on level 7 of the Dungeon)
 x - a +0 chain mail
   (You took it off an orc warrior on level 8 of the Dungeon)
 X - the +4 skin of Zhor (worn) {*Englaciate rC+++ SInv}
   (You found it on level 5 of the Dungeon)

   It radiates cold, occasionally slowing all nearby creatures who are not
   resistant to cold.
   rC:        It renders you almost immune to cold.
   SInv:      It lets you see invisible.
Jewellery
 v - a ring of see invisible
   (You found it on level 4 of the Dungeon)
 C - a ring of ice
   (You found it on level 4 of the Dungeon)
 E - a +4 ring of evasion (left hand)
   (You took it off a goblin on level 1 of the Dungeon)
 I - a +6 ring of intelligence
   (You found it on level 5 of the Dungeon)
 L - a ring of flight
   (You found it on level 4 of the Dungeon)
 O - a +4 ring of protection (right hand)
   (You bought it in a shop on level 3 of the Dungeon)
 W - a ring of magical power
   (You found it on level 3 of the Dungeon)
Wands
 U - a wand of iceblast (5)
   (You found it on level 6 of the Dungeon)
Scrolls
 d - 3 scrolls of identify {@r1}
 f - a scroll of blinking {unknown}
 w - a scroll of poison {unknown}
 y - 2 scrolls of immolation {!r!r}
 Q - a scroll of acquirement
 R - a scroll of brand weapon
 S - 4 scrolls of teleportation {@r4}
 T - a scroll of enchant weapon
 Y - 2 scrolls of magic mapping {!r}
Potions
 e - 3 potions of invisibility
 h - 3 potions of mutation {unknown}
 o - a potion of berserk rage {unknown}
 p - 2 potions of brilliance {unknown}
 q - a potion of might {unknown}
 s - 2 potions of haste {unknown}
 u - 3 potions of heal wounds {@q2}
 z - 3 potions of flight {unknown}
 K - 2 potions of attraction {unknown}
 V - a potion of magic {unknown}
 Z - 3 potions of curing {@q1}

Dungeon Overview and Level Annotations

Branches:
Dungeon (8/15)             Temple (0/1) D:5           Sewer (visited)
   Lair: D:8-11

Altars:
Elyvilon
Ru

Shops:
D:3 *

Annotations:
D:6 2 transporters

+............
#######.........####
.......>........#
#..........##.#
#..........# ..
#..........# #####.
#..........####.....
###'####........####
#@# #............ .
#.# #........####
...#####.# #........#
.........# #........#
.#......○# #........#
.......))..##........#
...##..o.#?###########
.. #....#.# . #....# .


You could see an orc priest (slow).


Message History

The black bear bites you but does no damage.
The black bear misses you. The black bear claws you.
The orc completely misses you. 😕 HP[-1]
You take 1 damage, and now have 67/83 hp.
You closely miss the orc.
Your hound bites the orc.
The black bear closely misses you. The black bear barely misses you.
The black bear claws you but does no damage. 😕 HP[+1]
You closely miss the orc.
The orc priest is no longer moving slowly.
Your hound barely misses the orc.
The orc misses you.
The orc priest mumbles some strange prayers to Beogh against you.
Beogh smites you! 😮 HP[-16] MP[+1]
You take 16 damage, and now have 52/83 hp.
You slash the orc!
You kill the orc!
Lugonu accepts your kill.
The black bear is no longer moving slowly.
Your hound bites the black bear.
The black bear bites you but does no damage.
The black bear misses you.
The black bear claws you but does no damage.
Reach: m) +5 halberd
Press: ? - help, Dir - move target, f - orc priest
Aim: an orc priest, wielding a +0 whip and wearing a +3 chain mail (slow, about 28% to evade your +5 halberd)
You could not reach far enough!
Your hound bites the black bear.
The black bear closely misses you.
The black bear claws you but does no damage. x2
The orc priest invokes the aid of Beogh against you.
Beogh smites you!
* * * LOW HITPOINT WARNING * * *
The orc priest barely misses your hound. 😨 HP[-13]
You take 13 damage, and now have 39/83 hp.
Reach: m) +5 halberd
Press: ? - help, Dir - move target, f/p - orc priest
Aim: an orc priest, wielding a +0 whip and wearing a +3 chain mail (slow, about 28% to evade your +5 halberd)
You reach to attack!
You hit the orc priest.
Your hound bites the black bear.
The black bear bites you but does no damage.
The black bear closely misses you.
The black bear claws you but does no damage.
The orc priest hits your hound with a +0 whip.
Your hound bites the black bear. 😨 HP[+1] Reach: m) +5 halberd
Press: ? - help, Dir - move target, f/p - orc priest
Aim: an orc priest, wielding a +0 whip and wearing a +3 chain mail (moderately wounded, slow, about 28% to evade your +5 halberd)
You could not reach far enough!
You radiate an aura of cold.
The black bear seems to slow down.
Your hound seems to slow down.
The orc priest seems to slow down.
The orc seems to slow down.
The orc priest seems to slow down.
The black bear bites your hound. The black bear claws your hound.
The black bear closely misses your hound.
Your hound bites the black bear.
Reach: m) +5 halberd
Press: ? - help, Dir - move target, f/p - orc priest
Aim: an orc priest, wielding a +0 whip and wearing a +3 chain mail (moderately wounded, slow, about 28% to evade your +5 halberd)
You reach to attack!
You hit the orc priest.
The orc priest mumbles some strange prayers to Beogh against you.
Beogh smites you!
* * * LOW HITPOINT WARNING * * *
The black bear shakes off its lethargy.
The black bear goes berserk!
The orc priest misses your hound.
Your hound bites the black bear. 😨 HP[-15]
You take 15 damage, and now have 25/83 hp.
Hop to where?
Press: ? - help, Dir - move target, p - orc priest Boing!
The black bear bites your hound!
Your hound dies!
Your hound's corpse disappears in a puff of smoke!
The orc priest invokes the aid of Beogh against you.
Beogh smites you!
* * * LOW HITPOINT WARNING * * *
😱 HP[-15]
You take 15 damage, and now have 10/83 hp.
Okay, then.
Aiming: Iceblast
Press: ? - help, Shift-Dir - straight line The mass of ice explodes!
The iceblast engulfs the orc!
You kill the orc!
Lugonu accepts your kill.
The iceblast engulfs the black bear!
The iceblast engulfs the orc priest!
You kill the orc priest!
Lugonu accepts your kill.
You radiate an aura of cold.
The black bear seems to slow down.
The orc priest seems to slow down. 😱 HP[+1] MP[+1]
Aiming: Iceblast
Press: ? - help, Shift-Dir - straight line, f - black bear
Aim: a black bear (almost dead, berserk, slow)
The mass of ice explodes!
The iceblast engulfs the black bear!
You kill the black bear!
Lugonu accepts your kill.
The orc priest invokes the aid of Beogh against you.
Beogh smites you!
You die...

Skill      XL: |  1  2  3  4  5  6  7  8  9 |
---------------+----------------------------+-----
Invocations    | 2 3 4 5 6 |  6.9
Fighting       | 4 5 6 7 9 |  9.6
Armour         | 3 4 5 |  5.0
Polearms       | 3 4 5 7 |  7.5
Summonings     | 1 4 6 |  6.5
Dodging        | |  1.1

Action                   |  1- 3 |  4- 6 |  7- 9 | 10-12 || total
-------------------------+-------+-------+-------+-------++-------
Melee: Spear             |   109 |   217 |       |       ||   326
       Punch             |     3 |     5 |     1 |       ||     9
       Trident           |       |   263 |   399 |       ||   662
       Hand axe          |       |       |    35 |     2 ||    37
       Halberd           |       |       |       |    36 ||    36
Throw: Stone             |       |     1 |     1 |       ||     2
       Dart              |       |       |     6 |       ||     6
 Cast: Summon Small Mamm |       |       |    15 |       ||    15
       Call Canine Famil |       |       |    10 |     5 ||    15
Invok: Bend Space        |       |     6 |     3 |       ||     9
 Abil: Hop               |       |     1 |     2 |     1 ||     4
Evoke: Wand              |       |       |     1 |     2 ||     3
  Use: Scroll            |       |     4 |     7 |       ||    11
       Potion            |       |     3 |       |       ||     3
 Stab: Distracted        |       |       |     2 |     1 ||     3
       Sleeping          |       |       |     1 |       ||     1
Armor: Leather armour    |    30 |     4 |       |       ||    34
       Ring mail         |       |   223 |    70 |       ||   293
       Skin              |       |   113 |       |       ||   113
       Animal skin       |       |       |    54 |    20 ||    74
Dodge: Dodged            |    45 |   504 |   271 |    34 ||   854

Levels and vault maps discovered:
D:1:      roderic_dead_forest, layout_loops_ring,
          amcnicky_mini_rare_corridor_liquid, minmay_worlds_worst_comb
D:2:      layout_loops_ring, dilly_ecumenical_altar_fadedgnrine, minmay_between,
          uniq_robin, uniq_jessica
D:3:      corexii_shack_village, layout_basic, serial_shops,
          nicolae_shop_window_shopping, portal_sewer_entry_f,
          kennysheep_generic_room_3
D:4:      layout_loops_ring, elyvilon_altar_5, serial_rivers,
          chequers_serial_rivers_small_b, chequers_serial_rivers_micro_e,
          chequers_serial_rivers_micro_a, chequers_serial_rivers_room_b,
          chequers_serial_rivers_micro_a, chequers_serial_rivers_small_3,
          uniq_menkaure, uniq_eustachio
D:5:      layout_basic, minmay_temple_entry_wispy
D:6:      gammafunk_steamed_eel, layout_loops_cross, kennysheep_mini_moat,
          uniq_maggie
D:7:      layout_basic
D:8:      layout_basic

Notes
Turn   | Place    | Note
-------+----------+-------------------------------------------
     0 | Abyss:1  | spiderkeys the Barachi Abyssal Knight began the quest for
                  | the Orb.
     0 | Abyss:1  | Reached XP level 1. HP: 18/18 MP: 2/2
     0 | Abyss:1  | magus.rc [v1.11.3]
    11 | Abyss:1  | Found a corrupted altar of Lugonu.
    31 | Abyss:1  | Found a corrupted altar of Lugonu.
    54 | Abyss:1  | Found a corrupted altar of Lugonu.
    92 | D:1      | You pass through the gate.
    92 | D:1      | Escaped the Abyss
   129 | D:1      | Reached XP level 2. HP: 23/25 MP: 3/3
   159 | D:1      | You pick up a book of Geomancy and begin reading...
   159 | D:1      | You add the spells Sandblast, Passwall and Stone Arrow to
                  | your library.
   471 | D:1      | Reached skill level 2 in Invocations
   484 | D:1      | Reached skill level 4 in Fighting
   540 | D:1      | Reached XP level 3. HP: 28/30 MP: 4/4
   627 | D:1      | Reached skill level 3 in Armour
   921 | D:2      | Noticed Robin
   934 | D:2      | HP: 6/30 [Robin/+0 trident (4)]
  1223 | D:2      | Noticed Jessica
  1230 | D:2      | Killed Jessica
  1231 | D:2      | Reached XP level 4. HP: 38/38 MP: 5/5
  1314 | D:2      | Reached *** piety under Lugonu
  1321 | D:2      | Killed Robin
  1863 | D:2      | Found a faded altar of an unknown god.
  1927 | D:3      | Found a glowing drain.
  2165 | D:3      | Reached XP level 5. HP: 42/43 MP: 6/6
  2172 | Sewer    | Entered a sewer
  2206 | Sewer    | Reached skill level 3 in Polearms
  2722 | Sewer    | Reached skill level 4 in Armour
  2825 | Sewer    | Reached skill level 5 in Fighting
  2825 | Sewer    | Reached skill level 3 in Invocations
  2830 | Sewer    | HP: 11/44 [rat (2)]
  2836 | Sewer    | Reached XP level 6. HP: 11/51 MP: 6/8
  2839 | Sewer    | Reached **** piety under Lugonu
  2839 | Sewer    | HP: 10/51 [rat (2)]
  2847 | Sewer    | HP: 10/51 [rat (1)]
  4396 | D:3      | Found Ylazime's Assorted Antiques.
  4399 | D:3      | Bought a scroll labelled NAISYJOFISH for 25 gold pieces
  4399 | D:3      | Bought a scroll labelled PEBETRU BAN JIL for 25 gold pieces
  4399 | D:3      | Bought a blackened agate ring for 125 gold pieces
  4841 | D:4      | You pick up a book of Geomancy and begin reading...
  5097 | D:4      | Noticed Menkaure
  5119 | D:4      | Killed Menkaure
  5120 | D:4      | Reached skill level 4 in Polearms
  5120 | D:4      | Reached XP level 7. HP: 28/57 MP: 9/9
  5133 | D:4      | Noticed Eustachio
  5454 | D:4      | Killed Eustachio
  5455 | D:4      | Reached skill level 6 in Fighting
  5455 | D:4      | Reached skill level 5 in Armour
  5455 | D:4      | Reached skill level 4 in Invocations
  5694 | D:4      | You pick up a book of Callings and begin reading...
  5694 | D:4      | You add the spells Summon Small Mammal, Call Canine
                  | Familiar and Summon Guardian Golem to your library.
  5719 | D:4      | Found a white marble altar of Elyvilon.
  5722 | D:4      | Learned a level 1 spell: Summon Small Mammal
  5999 | D:4      | Reached skill level 1 in Summonings
  6320 | D:5      | Entered Level 5 of the Dungeon
  6445 | D:5      | Reached XP level 8. HP: 63/65 MP: 11/11
  6453 | D:5      | Identified a scroll of acquirement
  6458 | D:5      | Found a staircase to the Ecumenical Temple.
  6487 | D:5      | You pick up a book of Cantrips and begin reading...
  6487 | D:5      | You add the spells Necrotize and Apportation to your
                  | library.
  6667 | D:5      | You pick up a book of Dangerous Friends and begin
                  | reading...
  6667 | D:5      | You add the spells Orb of Destruction and Spellforged
                  | Servitor to your library.
  6800 | D:5      | Found the +4 skin of Zhor {*Englaciate rC+++ SInv}
  7000 | D:5      | Reached skill level 5 in Polearms
  7000 | D:5      | Reached skill level 2 in Summonings
  7349 | D:6      | Reached skill level 7 in Fighting
  7572 | D:6      | Reached skill level 3 in Summonings
  7572 | D:6      | Reached skill level 5 in Invocations
  7598 | D:6      | Found a transporter.
  7824 | D:6      | Found a sacrificial altar of Ru.
  7834 | D:6      | Found a transporter.
  7836 | D:6      | Noticed Maggie
  7863 | D:6      | Killed Maggie
  7864 | D:6      | Reached skill level 4 in Summonings
  7864 | D:6      | Reached XP level 9. HP: 56/73 MP: 10/13
  8158 | D:5      | Reached skill level 6 in Polearms
  8169 | D:5      | Reached skill level 8 in Fighting
  8403 | D:5      | Reached skill level 5 in Summonings
  8427 | D:5      | Reached skill level 6 in Invocations
  8483 | D:5      | Learned a level 3 spell: Call Canine Familiar
  8948 | D:7      | Identified the +7 hand axe "Worm's Wrath" {vorpal, rN++
                  | Int+3}
  9103 | D:7      | Reached ***** piety under Lugonu
  9106 | D:7      | Reached skill level 9 in Fighting
  9106 | D:7      | Reached skill level 7 in Polearms
  9490 | D:7      | Reached skill level 6 in Summonings
  9490 | D:7      | Reached XP level 10. HP: 75/83 MP: 8/14
 10187 | D:8      | Noticed a kobold demonologist
 10201 | D:7      | Killed a kobold demonologist
 10481 | D:8      | HP: 10/83 [orc priest/divine providence (15)]
 10483 | D:8      | Killed from afar by an orc priest

Vanquished Creatures
  Maggie (D:6)
  A kobold demonologist (D:7)
  A shadow (D:7)
  5 yaks (D:5)
  Eustachio (D:4)
  Menkaure (D:4)
  A water moccasin (D:6)
  An orc warrior (D:8)
  A sky beast (D:6)
  A black bear (D:8)
  2 ice beasts
  An ogre (D:6)
  A centaur (D:7)
  A phantom (D:7)
  A kobold brigand (Sewer)
  A necrophage (D:6)
  A gnoll sergeant (D:7)
  2 scorpions
  5 wights
  A howler monkey (D:4)
  2 jellies (D:7)
  2 orc priests
  3 hounds (D:4)
  Jessica (D:2)
  3 iguanas
  An orc wizard (D:8)
  Robin (D:2)
  9 adders
  6 gnolls
  5 river rats (Sewer)
  2 shadow imps (D:5)
  An ufetubus (D:6)
  A worm (D:4)
  2 dart slugs
  18 orcs
  9 ball pythons
  8 bats
  4 endoplasms
  12 giant cockroaches
  11 goblins
  12 hobgoblins
  12 jackals
  26 kobolds
  4 quokkas
  4 frilled lizards
  23 rats
212 creatures vanquished.

Vanquished Creatures (collateral kills)
  A sky beast (D:7)
  2 gnolls (D:7)
  An orc (D:8)
4 creatures vanquished.

Grand Total: 216 creatures vanquished

Table legend:
 A = Non-vault XP
 B = Vault XP
 C = Vault XP percentage of total XP
 D = Non-vault monster count
 E = Vault monster count
 F = Vault count percentage of total count
                 A         B        C        D         E       F
            +---------+---------+-------+---------+---------+-------
      Total |    4440 |    1200 |  21.3 |     121 |      95 |  44.0
            +---------+---------+-------+---------+---------+-------
        D:1 |      40 |       8 |  16.7 |      24 |       4 |  14.3
        D:2 |      33 |      75 |  69.4 |      10 |      14 |  58.3
        D:3 |      22 |      48 |  68.6 |      10 |      20 |  66.7
        D:4 |     277 |     359 |  56.4 |      20 |       2 |   9.1
        D:5 |    1367 |       0 |   0.0 |      16 |       0 |   0.0
        D:6 |     750 |     424 |  36.1 |      13 |       1 |   7.1
        D:7 |    1591 |       0 |   0.0 |      17 |       0 |   0.0
        D:8 |     360 |       0 |   0.0 |      11 |       0 |   0.0
      Sewer |       0 |     286 | 100.0 |       0 |      54 | 100.0
            +---------+---------+-------+---------+---------+-------

Illustrated notes

Table legend:
 A = Kills in this place as a percentage of kills in entire the game.
 B = Kills by you in this place as a percentage of kills by you in the entire game.
 C = Kills by friends in this place as a percentage of kills by friends in the entire game.
 D = Other kills in this place as a percentage of other kills in the entire game.
 E = Experience gained in this place as a percentage of experience gained in the entire game.
 F = Experience gained in this place divided by the number of levels of this place that you have seen.
                   A       B       C       D       E      F
               +-------+-------+-------+-------+-------+----------------------
         Total | 100.0 | 100.0 | 100.0 |   N/A | 100.0 | 564.0
       Dungeon |  75.0 |  74.5 | 100.0 |   N/A |  94.9 | 669.2
         Sewer |  25.0 |  25.5 |   0.0 |   N/A |   5.1 | 286.0
               +-------+-------+-------+-------+-------+----------------------

Table legend: (Time is in decaauts)
 A = Elapsed time spent in this place.
 B = Non-inter-level travel time spent in this place.
 C = Inter-level travel time spent in this place.
 D = Time resting spent in this place.
 E = Time spent auto-exploring this place.
 F = Levels seen in this place.
 G = Mean time per level.
                   A        B        C        D        E       F      G
               +--------+--------+--------+--------+--------+-----+--------+
         Total |  11598 |  11213 |    385 |   1530 |   7506 |  10 | 1159.8 |
       Dungeon |  10025 |   9640 |    385 |   1291 |   6660 |   8 | 1253.1 |
         Abyss |    110 |    110 |      0 |      0 |     25 |   1 |  110.0 |
         Sewer |   1462 |   1462 |      0 |    239 |    820 |   1 | 1462.0 |
               +--------+--------+--------+--------+--------+-----+--------+

Top non-repeatable levels by time:
     D:3: 1822 daAuts
     D:5: 1551 daAuts
     D:7: 1504 daAuts
   Sewer: 1462 daAuts
     D:4: 1373 daAuts
     D:6: 1356 daAuts
     D:1: 1223 daAuts
     D:2: 1007 daAuts
     D:8: 187 daAuts
 Abyss:1: 110 daAuts
